 Dungeon Crawl Stone Soup version 0.30-a0-172-gc5509c9e31 (webtiles) character file.

Game seed: 4796376709255784277

146454 qw the Severer (level 17, -8/113 HPs)
             Began as a Gargoyle Fighter on Oct 1, 2022.
             Was a High Priest of Okawaru.
             Blown up by an orb spider (44 damage)
             ... with an orb of destruction
             ... on level 3 of the Spider Nest.
             The game lasted 00:16:32 (29766 turns).

qw the Severer (Gargoyle Fighter)                  Turns: 29766, Time: 00:16:33

Health: -8/113     AC: 51    Str: 27    XL:     17   Next: 44%
Magic:  9/15       EV: 14    Int: 17    God:    Okawaru [*****.]
Gold:   4150       SH: 14    Dex:  9    Spells: 16/16 levels left

rFire   + + .      SeeInvis +    x - +5 broad axe "Firph" {venom, Int+7}
rCold   . . .      Faith    .    g - +2 buckler
rNeg    + + +      Spirit   .    y - +2 plate armour {rF+}
rPois   inf        Reflect  +    v - +2 helmet
rElec   +          Harm     .    n - +1 cloak of the Shining Light {rElec}
rCorr   +          Rampage  .    F - +2 pair of gloves of Jejiax {rN++ rCorr MP-9}
Will    +....                    C - +1 pair of boots
Stlth   ..........               i - amulet of reflection
HPRegen 0.38/turn                k - +4 ring of protection
MPRegen 0.14/turn                f - +4 ring of evasion

@: heroic, finesse-ful, flying, slowed, very slow
A: sickness immunity, AC +12, big wings, negative energy resistance 1,
electricity resistance, torment resistance 1, petrification resistance, see
invisible, fire resistance 1
a: Renounce Religion, Heroism, Finesse, Duel


You were on level 3 of the Spider Nest.
You worshipped Okawaru.
Okawaru was extremely pleased with you.
You visited 6 branches of the dungeon, and saw 29 of its levels.

You collected 5248 gold pieces.
You spent 1098 gold pieces at shops.


Innate Abilities, Weirdness & Mutations

You are immune to sickness and miasma.
Your stone body is resilient. (AC +12)
You are immune to poison.
Your large and strong wings let you fly.
You resist negative energy. (rN+)
You are resistant to electric shocks. (rElec)
You are resistant to unholy torment.
You are immune to petrification.
You have supernaturally acute eyesight. (SInv)
Your flesh is heat resistant. (rF+)


   Skills:
 - Level 15.0(20.0) Fighting
 - Level 18.0(23.0) Axes
 - Level 8.0(13.0) Throwing
 - Level 15.0(20.0) Armour
 + Level 3.6(8.6) Dodging
 - Level 10.0(15.0) Shields
 - Level 10.0 Invocations


You had 16 spell levels left.
You didn't know any spells.
Your spell library was empty.

Inventory:

Hand Weapons
 p - a +0 morningstar of protection
 x - the +5 broad axe "Firph" (weapon) {venom, Int+7}
   (Okawaru gifted it to you on level 3 of the Swamp)

   It poisons the flesh of those it strikes.
   Int:       It affects your intelligence (+7).
Missiles
 b - 22 boomerangs
 u - a silver boomerang
 E - 3 javelins (quivered)
Armour
 g - a +2 buckler (worn)
 n - the +1 cloak of the Shining Light (worn) {rElec}
   (You acquired it on level 5 of the Lair of Beasts)

   rElec:     It insulates you from electricity.
 t - +0 acid dragon scales
 v - a +2 helmet (worn)
 y - a +2 plate armour of fire resistance (worn)
 C - a +1 pair of boots (worn)
 F - the +2 pair of gloves of Jejiax (worn) {rN++ rCorr MP-9}
   (Okawaru gifted it to you on level 15 of the Dungeon)

   rN:        It greatly protects you from negative energy.
   MP:        It affects your magic capacity (-9).
   rCorr:     It protects you from acid and corrosion.
Jewellery
 c - a ring of protection from fire
 f - a +4 ring of evasion (right hand)
 i - an amulet of reflection (around neck)
 k - a +4 ring of protection (left hand)
 o - a ring of ice
 q - a ring of ice
 z - a ring of protection from fire
Scrolls
 a - 12 scrolls of teleportation
 j - 21 scrolls of identify
Potions
 d - 9 potions of might
 e - 5 potions of haste
 h - 4 potions of lignification
 l - 3 potions of mutation
 m - 4 potions of cancellation
 r - 2 potions of resistance
 s - 3 potions of curing
 A - 2 potions of attraction
 D - a potion of magic

Dungeon Overview and Level Annotations

Branches:
Dungeon (15/15)            Temple (1/1) D:4            Lair (5/5) D:8
  Swamp (3/4) Lair:2       Spider (3/4) Lair:3        Slime (0/5) Lair:5
    Orc (2/2) D:9             Elf (0/3) Orc:2        Vaults (0/5) D:13
 Depths (0/4) D:15

Altars:
Ashenzari
Cheibriados
Dithmenos
Elyvilon
Gozag
Hepliaklqana
Kikubaaqudgha
Makhleb
Nemelex Xobeh
Okawaru
Qazlal
Ru
Trog
Uskayaw
Vehumet
Wu Jian
Xom
Yredelemnul
Zin
The Shining One
Jiyva

Shops:
D:5 (   Orc:2 ??!*:

Annotations:
D:3 2 transporters, 1 runed translucent door, Crazy Yiuf; qw's ghost, amateur GrFi
D:10 2 runed translucent doors
Swamp:2 2 transporters, swinepaste's ghost, journeyman DsMo
Spider:1 2 transporters, qw's ghost, journeyman GrFi


Message History

You slice the redback!!
The redback looks as sick as possible!
The meliai hits you but does no damage.
The meliai stings you but does no damage.
You slice the redback!!
You kill the redback!
Okawaru accepts your kill.
You slice the meliai!!
You kill the meliai!
Okawaru accepts your kill.
You slice the jumping spider!!
The jumping spider looks as sick as possible!
The jumping spider is heavily wounded.
The jumping spider leaps!
The meliai hits you but does no damage. The meliai stings you.
The meliai hits you but does no damage. You block the meliai's attack.
The orb spider weaves a glowing orb of energy.
An orb of destruction comes into view.
Things that are here:
a +0 hand axe; a +0 robe You closely miss the culicivora.
You slash the meliai!
The meliai looks as sick as possible!
The meliai completely misses you. The meliai misses you.
You block the culicivora's attack.
You slash the meliai!
You kill the meliai!
Okawaru accepts your kill.
You slice the culicivora!!
The culicivora is poisoned.
You kill the jumping spider!
Okawaru accepts your kill.
You slice the culicivora!!
The culicivora is almost dead.
The orb spider is healed somewhat.
The orb spider begins to weave its threads into a brightly glowing ball.
A torpor snail comes into view.
Being near the torpor snail leaves you feeling lethargic.
You slash the culicivora!
You kill the culicivora!
Okawaru accepts your kill. The orb of destruction hits you!!!
You die...

### # ##.## ^.
##...# ... #^..#
.... ########..##
.....###....##....#
.w..s.%%)......<###
#)@%......##
#0........#
#0.........#
#s........#.#
#..........###
#..........#
#.........##
#.........#


You could see a torpor snail and 2 orb spiders.

Vanquished Creatures
  Arachne (Spider:2)
  Rupert (Orc:1)
  Kirke (Swamp:1)
  A thorn hunter (Swamp:3)
  An emperor scorpion (Spider:1)
  A ghoul (Swamp:3)
  A broodmother (Spider:2)
  5 bunyips
  4 eleionomae
  A fire dragon (Lair:5)
  A shambling mangrove (Swamp:1)
  2 catoblepae (D:15)
  7 hydras
  2 ogre magi (Orc:2)
  2 ice dragons (D:15)
  A radroach (Spider:1)
  An anaconda (Lair:5)
  A jorogumo (Spider:2)
  4 centaur warriors
  2 ghost crabs (Swamp:2)
  5 boulder beetles
  2 dancing weapons (D:13)
  A tengu warrior (D:14)
  2 death knights
  2 death yaks (Lair:4)
  7 alligators
  14 two-headed ogres
  Urug (D:11)
  Sonja (D:11)
  12 skeletal warriors
  A steelbarb worm (Spider:2)
  A sun moth (Spider:1)
  5 goliath frogs
  3 bog bodies
  4 pharaoh ants
  2 spriggan druids
  3 orb spiders (Spider:1)
  2 deep trolls (Orc:2)
  An orc knight (Orc:1)
  3 swamp dragons
  3 deep elf pyromancers
  4 will-o-the-wisps
  A phantasmal warrior (D:13)
  An orc sorcerer (Orc:2)
  14 ugly things
  4 wolf spiders
  A moth of wrath (Spider:2)
  8 cyclopes
  9 elephants
  3 black mambas
  A black mamba (shapeshifter) (D:9)
  Joseph (D:8)
  3 torpor snails
  8 cane toads
  6 rime drakes
  A demonic crawler (Spider:1)
  An efreet (D:15)
  2 gargoyles
  A kobold demonologist (D:10)
  A freezing wraith (D:13)
  12 komodo dragons
  2 tengu conjurers (D:14)
  6 hornets
  4 bloated husks
  6 meliai
  15 trolls
  Grinder (D:3)
  8 tyrant leeches
  11 polar bears
  2 raiju (Lair:5)
  9 tarantellas
  8 blink frogs
  8 slime creatures
  22 jumping spiders
  4 vampires
  6 wraiths
  12 culicivoras
  5 spriggans
  5 humans (Swamp:1)
  5 wyverns
  30 yaks
  4 basilisks
  4 steam dragons
  A hog (Swamp:1)
  24 redbacks
  9 vampire mosquitoes
  10 swamp worms
  3 acid dragons
  7 wargs
  18 water moccasins
  Duvessa (D:7)
  15 hell hounds
  A black bear (shapeshifter) (D:15)
  3 ice beasts
  11 orc warriors
  3 swamp drakes (Lair:5)
  A sky beast (D:7)
  14 black bears
  8 centaurs
  24 ogres
  33 wolves
  3 kobold brigands
  A scorpion (D:6)
  8 bullfrogs
  6 wights
  Dowan (D:7)
  22 killer bees
  2 howler monkeys
  6 electric eels
  2 gnoll boudas
  11 orc priests
  A hound (D:6)
  2 jellies
  9 iguanas
  12 orc wizards
  8 gnolls
  4 adders
  2 white imps (D:7)
  2 ufetubi
  A worm (D:5)
  6 dart slugs
  56 orcs
  6 endoplasms
  4 giant cockroaches
  5 goblins
  9 hobgoblins
  5 jackals (D:1)
  15 kobolds
  2 quokkas
  7 ball pythons
  10 bats
  2 frilled lizards
  11 rats
801 creatures vanquished.

Vanquished Creatures (others)
  A tyrant leech (Swamp:2)
  An orc priest (Orc:2)
  34 foxfires
  18 fungi
  62 plants
116 creatures vanquished.

Grand Total: 917 creatures vanquished

Notes
Turn   | Place    | Note
-------+----------+-------------------------------------------
     0 | D:1      | qw the Gargoyle Fighter began the quest for the Orb.
     0 | D:1      | Reached XP level 1. HP: 14/14 MP: 1/1
     0 | D:1      | 0 ||| qw: Version: 0.2-a-13-gfc7b4b4
     0 | D:1      | 0 ||| qw: Game counter: 1758
     0 | D:1      | 0 ||| qw: Always use a shield: true
     0 | D:1      | 0 ||| qw: God list: Okawaru
     0 | D:1      | 0 ||| qw: Allow faded altars: false
     0 | D:1      | 0 ||| qw: Do Orc after D:15 true
     0 | D:1      | 0 ||| qw: Do second Lair branch before Depths: true
     0 | D:1      | 0 ||| qw: Lair rune preference: random
     0 | D:1      | 0 ||| qw: Plans: Normal, Zot:1-4, God:TSO, Crypt, Tomb,
                  | Pan, Slime:5, Hells, Abyss, Orb
     0 | D:1      | 0 ||| PLANNING D:1-11
   100 | D:1      | Reached skill level 2 in Axes
   196 | D:1      | Reached XP level 2. HP: 14/19 MP: 2/2
   371 | D:1      | 371 ||| Stepping ~*~*~tactically~*~*~ (hiding).
   372 | D:1      | 372 ||| Stepping ~*~*~tactically~*~*~ (hiding).
   377 | D:1      | Reached skill level 3 in Axes
   480 | D:1      | 480 ||| Stepping ~*~*~tactically~*~*~ (hiding).
   481 | D:1      | 481 ||| Stepping ~*~*~tactically~*~*~ (hiding).
   489 | D:1      | Reached XP level 3. HP: 23/23 MP: 3/3
   634 | D:1      | 634 ||| Stepping ~*~*~tactically~*~*~ (stealth).
   804 | D:1      | 804 ||| Stepping ~*~*~tactically~*~*~ (stealth).
   858 | D:1      | 858 ||| UPGRADING to +4 ring of protection.
   859 | D:1      | 859 ||| READING 2 scrolls labelled BUUFEO NIUSUS NEV.
   862 | D:1      | 862 ||| READING 2 scrolls labelled MASCHOLL QUOTANG.
   863 | D:1      | 863 ||| READING scroll labelled TEIFAM CELEBYR.
   864 | D:1      | 864 ||| READING scroll labelled JULLAA QUFUTA.
   865 | D:1      | 865 ||| DRINKING 2 silvery potions.
   866 | D:1      | 866 ||| DROPPING potion of flight.
   881 | D:2      | 881 ||| STAIRDANCE
   891 | D:2      | 891 ||| STAIRDANCE
   905 | D:2      | 905 ||| STAIRDANCE
   929 | D:2      | 929 ||| STAIRDANCE
   932 | D:1      | Reached XP level 4. HP: 20/28 MP: 4/4
   967 | D:1      | 967 ||| DROPPING +0 whip.
   973 | D:2      | Reached skill level 4 in Axes
  1009 | D:2      | Found a faded altar of an unknown god.
  1405 | D:2      | 1405 ||| Stepping ~*~*~tactically~*~*~ (stealth).
  1614 | D:2      | 1614 ||| UPGRADING to +0 chain mail.
  1624 | D:2      | 1624 ||| DROPPING +0 scale mail.
  1625 | D:2      | 1625 ||| READING scroll labelled WELOIDE NIRAFI.
  1626 | D:2      | 1626 ||| READING scroll labelled RUGHOA BUMUENU.
  1627 | D:2      | 1627 ||| READING 6 scrolls of identify.
  1627 | D:2      | 1627 ||| IDENTIFYING coppery potion
  1628 | D:2      | 1628 ||| READING 5 scrolls of identify.
  1628 | D:2      | 1628 ||| IDENTIFYING ruby potion
  1629 | D:2      | 1629 ||| READING 4 scrolls of identify.
  1629 | D:2      | 1629 ||| IDENTIFYING grey potion
  1630 | D:2      | 1630 ||| READING 3 scrolls of identify.
  1630 | D:2      | 1630 ||| IDENTIFYING golden potion
  1631 | D:2      | 1631 ||| DROPPING potion of brilliance.
  1721 | D:3      | Found a transporter.
  1721 | D:3      | Noticed qw's ghost (amateur GrFi)
  1733 | D:3      | Found a glowing silver altar of Zin.
  1798 | D:3      | Found a transporter.
  1873 | D:3      | Found a runed translucent door.
  1874 | D:3      | Noticed Crazy Yiuf
  2012 | D:3      | 2012 ||| Stepping ~*~*~tactically~*~*~ (stealth).
  2018 | D:3      | Noticed Grinder
  2027 | D:3      | Paralysed by Grinder for 3 turns
  2030 | D:3      | 2030 ||| FLEEEEING.
  2031 | D:3      | 2031 ||| FLEEEEING.
  2032 | D:3      | 2032 ||| FLEEEEING.
  2033 | D:3      | 2033 ||| FLEEEEING.
  2033 | D:3      | Paralysed by Grinder for 2 turns
  2059 | D:3      | Killed Grinder
  2060 | D:3      | Reached skill level 6 in Axes
  2060 | D:3      | Reached XP level 5. HP: 32/32 MP: 5/5
  2060 | D:3      | Reached XP level 6. HP: 37/37 MP: 6/6
  2261 | D:3      | 2261 ||| Stepping ~*~*~tactically~*~*~ (hiding).
  2485 | D:4      | 2485 ||| STAIRDANCE
  2587 | D:4      | 2587 ||| Stepping ~*~*~tactically~*~*~ (stealth).
  2594 | D:4      | 2594 ||| Stepping ~*~*~tactically~*~*~ (stealth).
  2595 | D:4      | 2595 ||| Stepping ~*~*~tactically~*~*~ (stealth).
  2596 | D:4      | 2596 ||| Stepping ~*~*~tactically~*~*~ (stealth).
  2688 | D:4      | 2688 ||| Stepping ~*~*~tactically~*~*~ (stealth).
  2689 | D:4      | 2689 ||| Stepping ~*~*~tactically~*~*~ (stealth).
  2701 | D:4      | 2701 ||| Stepping ~*~*~tactically~*~*~ (stealth).
  2708 | D:4      | Found a staircase to the Ecumenical Temple.
  2709 | D:4      | 2709 ||| PLANNING TEMPLE
  2709 | D:4      | 2709 ||| READING scroll labelled KUQYRGH INIJO.
  2715 | Temple   | Entered the Ecumenical Temple
  2822 | Temple   | 2822 ||| PLANNING OKAWARU WORSHIP
  2873 | Temple   | Became a worshipper of Warmaster Okawaru
  2874 | Temple   | 2874 ||| PLANNING D:1-11
  3104 | D:4      | 3104 ||| Stepping ~*~*~tactically~*~*~ (stealth).
  3269 | D:4      | Noticed a black bear
  3276 | D:4      | Killed a black bear
  3277 | D:4      | Reached XP level 7. HP: 44/44 MP: 7/7
  3344 | D:4      | 3344 ||| UPGRADING to amulet of reflection.
  3349 | D:4      | 3349 ||| UPGRADING to +4 ring of evasion.
  3350 | D:4      | 3350 ||| READING scroll labelled VOENAH TATAUMO.
  3371 | D:5      | Entered Level 5 of the Dungeon
  3422 | D:5      | Reached skill level 1 in Dodging
  3490 | D:5      | 3490 ||| Stepping ~*~*~tactically~*~*~ (stealth).
  3505 | D:5      | HP: 11/44 [orc wizard/+0 dagger (4)]
  3506 | D:5      | 3506 ||| READING 2 scrolls of teleportation.
  3717 | D:5      | Found Kofrugur's Antique Weapon Emporium.
  3726 | D:5      | 3726 ||| SHOPLISTING dazzling hand axe (208 gold, have
                  | 194).
  3726 | D:5      | 3726 ||| SHOPLISTING translucent war axe (221 gold, have
                  | 194).
  3817 | D:5      | 3817 ||| Stepping ~*~*~tactically~*~*~ (stealth).
  3819 | D:5      | 3819 ||| Stepping ~*~*~tactically~*~*~ (hiding).
  3838 | D:5      | 3838 ||| DROPPING +0 flail.
  3877 | D:5      | 3877 ||| Stepping ~*~*~tactically~*~*~ (hiding).
  3879 | D:5      | 3879 ||| Stepping ~*~*~tactically~*~*~ (hiding).
  3891 | D:5      | 3891 ||| Stepping ~*~*~tactically~*~*~ (hiding).
  3892 | D:5      | 3892 ||| Stepping ~*~*~tactically~*~*~ (stealth).
  3902 | D:5      | Reached skill level 7 in Axes
  3904 | D:5      | HP: 9/44 [orc wizard/+0 dagger (4)]
  3905 | D:5      | 3905 ||| READING 2 scrolls of teleportation.
  4132 | D:5      | 4132 ||| Invisible monster not found???
  4155 | D:5      | 4155 ||| Stepping ~*~*~tactically~*~*~ (hiding).
  4156 | D:5      | 4156 ||| Stepping ~*~*~tactically~*~*~ (hiding).
  4347 | D:5      | Reached * piety under Okawaru
  4348 | D:5      | 4348 ||| INVOKING Heroism.
  4364 | D:5      | Reached XP level 8. HP: 17/49 MP: 6/8
  4364 | D:5      | 4364 ||| INVOKING Heroism.
  4366 | D:5      | Reached skill level 1 in Invocations
  4563 | D:5      | 4563 ||| READING scroll labelled BAINYR CAERHAT.
  4563 | D:5      | Identified a scroll of acquirement
  4563 | D:5      | 4563 ||| ACQUIRING 806 gold pieces
  4563 | D:5      | Acquired 806 gold pieces
  4565 | D:5      | 4565 ||| READING scroll labelled ERYBEI FONTA.
  4827 | D:6      | 4827 ||| INVOKING Heroism.
  4847 | D:6      | 4847 ||| DROPPING +1 vorpal flail.
  4852 | D:6      | 4852 ||| DROPPING +0 morningstar.
  4897 | D:6      | 4897 ||| INVOKING Heroism.
  4910 | D:6      | 4910 ||| INVOKING Heroism.
  4917 | D:6      | Reached skill level 8 in Axes
  4953 | D:6      | 4953 ||| INVOKING Heroism.
  4962 | D:6      | Reached skill level 3 in Invocations
  5172 | D:6      | 5172 ||| INVOKING Heroism.
  5175 | D:6      | Reached skill level 6 in Fighting
  5265 | D:6      | Reached XP level 9. HP: 55/55 MP: 11/11
  5409 | D:6      | 5409 ||| DROPPING orb of energy.
  5410 | D:6      | 5410 ||| READING scroll labelled EHUKHE GANIADE.
  5411 | D:6      | 5411 ||| DRINKING 2 viscous amethyst potions.
  5412 | D:6      | 5412 ||| READING 6 scrolls of identify.
  5412 | D:6      | 5412 ||| IDENTIFYING yellow potion
  5413 | D:6      | 5413 ||| READING 5 scrolls of identify.
  5413 | D:6      | 5413 ||| IDENTIFYING viscous emerald potion
  5504 | D:7      | 5504 ||| INVOKING Heroism.
  5561 | D:7      | Noticed Duvessa
  5562 | D:7      | 5562 ||| INVOKING Heroism.
  5563 | D:7      | Noticed Dowan
  5564 | D:7      | 5564 ||| Stepping ~*~*~tactically~*~*~ (stealth).
  5567 | D:7      | Killed Duvessa
  5572 | D:7      | Killed Dowan
  5640 | D:7      | Reached ** piety under Okawaru
  5641 | D:7      | Reached skill level 9 in Axes
  5753 | D:7      | 5753 ||| INVOKING Heroism.
  5754 | D:7      | 5754 ||| READING 4 scrolls of identify.
  5754 | D:7      | 5754 ||| IDENTIFYING pink potion
  5842 | D:7      | 5842 ||| Stepping ~*~*~tactically~*~*~ (hiding).
  5845 | D:7      | 5845 ||| INVOKING Heroism.
  6000 | D:7      | 6000 ||| Stepping ~*~*~tactically~*~*~ (stealth).
  6011 | D:7      | 6011 ||| INVOKING Heroism.
  6225 | D:7      | 6225 ||| DROPPING potion of ambrosia.
  6265 | D:8      | 6265 ||| STAIRDANCE
  6274 | D:8      | 6274 ||| STAIRDANCE
  6280 | D:8      | 6280 ||| STAIRDANCE
  6315 | D:8      | 6315 ||| STAIRDANCE
  6335 | D:8      | 6335 ||| INVOKING Heroism.
  6338 | D:8      | 6338 ||| Stepping ~*~*~tactically~*~*~ (cloud).
  6441 | D:8      | 6441 ||| INVOKING Heroism.
  6451 | D:8      | Reached skill level 10 in Axes
  6461 | D:8      | Found a basalt altar of Yredelemnul.
  6570 | D:8      | Found a staircase to the Lair.
  6631 | D:8      | Reached *** piety under Okawaru
  6632 | D:8      | Reached XP level 10. HP: 60/63 MP: 13/13
  6637 | D:8      | 6637 ||| INVOKING Heroism.
  6766 | D:8      | Found a shimmering altar of Xom.
  6792 | D:8      | 6792 ||| INVOKING Heroism.
  6896 | D:8      | 6896 ||| INVOKING Heroism.
  6976 | D:8      | Noticed Joseph
  6977 | D:8      | 6977 ||| Stepping ~*~*~tactically~*~*~ (hiding).
  6986 | D:8      | 6986 ||| DRINKING 2 potions of curing.
  6986 | D:8      | 6986 ||| (to cure confusion)
  6988 | D:8      | 6988 ||| DRINKING potion of curing.
  6988 | D:8      | 6988 ||| (to cure confusion)
  7006 | D:8      | Killed Joseph
  7265 | D:8      | You fall into a shaft and drop 2 floors!
  7265 | D:10     | Entered Level 10 of the Dungeon
  7297 | D:9      | Found a staircase to the Orcish Mines.
  7307 | D:9      | 7307 ||| STAIRDANCE
  7322 | D:8      | 7322 ||| PLANNING LAIR
  7363 | Lair:1   | Entered Level 1 of the Lair of Beasts
  7422 | Lair:1   | Identified the +1 spear "Rybyise" {freeze, *Noise rF++}
  7424 | Lair:1   | 7424 ||| Stepping ~*~*~tactically~*~*~ (stealth).
  7430 | Lair:1   | 7430 ||| INVOKING Heroism.
  7466 | Lair:1   | Reached **** piety under Okawaru
  7527 | Lair:1   | 7527 ||| INVOKING Heroism.
  7540 | Lair:1   | 7540 ||| INVOKING Heroism.
  7545 | Lair:1   | Received a gift from Okawaru
  7598 | Lair:1   | 7598 ||| READING scroll of acquirement.
  7598 | Lair:1   | 7598 ||| ACQUIRING 962 gold pieces
  7598 | Lair:1   | Acquired 962 gold pieces
  7643 | Lair:1   | 7643 ||| Stepping ~*~*~tactically~*~*~ (stealth).
  7643 | Lair:1   | Noticed a cane toad
  7644 | Lair:1   | 7644 ||| Stepping ~*~*~tactically~*~*~ (stealth).
  7645 | Lair:1   | 7645 ||| INVOKING Heroism.
  7646 | Lair:1   | 7646 ||| Stepping ~*~*~tactically~*~*~ (stealth).
  7650 | Lair:1   | Reached skill level 11 in Axes
  7666 | Lair:1   | Killed a cane toad
  7673 | Lair:1   | Reached skill level 6 in Invocations
  7859 | Lair:1   | 7859 ||| Stepping ~*~*~tactically~*~*~ (hiding).
  7860 | Lair:1   | 7860 ||| Stepping ~*~*~tactically~*~*~ (hiding).
  7865 | Lair:1   | 7865 ||| INVOKING Heroism.
  7871 | Lair:1   | Received a gift from Okawaru
  7872 | Lair:1   | Reached XP level 11. HP: 42/69 MP: 12/15
  7966 | Lair:1   | 7966 ||| INVOKING Heroism.
  8321 | Lair:1   | 8321 ||| UPGRADING to +0 plate armour.
  8331 | Lair:1   | 8331 ||| DROPPING +0 chain mail.
  8332 | Lair:1   | 8332 ||| READING 2 scrolls of enchant armour.
  8332 | Lair:1   | 8332 ||| ENCHANTING +0 plate armour.
  8333 | Lair:1   | 8333 ||| READING scroll of enchant armour.
  8333 | Lair:1   | 8333 ||| ENCHANTING +1 plate armour.
  8334 | Lair:1   | 8334 ||| DROPPING ring of wizardry.
  8335 | Lair:1   | 8335 ||| READING scroll labelled FODWIATWIS.
  8336 | Lair:1   | 8336 ||| READING scroll labelled GIRRAT DOCZU.
  8337 | Lair:1   | 8337 ||| DRINKING 2 lumpy blue potions.
  8338 | Lair:1   | 8338 ||| DROPPING potion of degeneration.
  8362 | Lair:2   | 8362 ||| INVOKING Heroism.
  8440 | Lair:2   | 8440 ||| INVOKING Heroism.
  8471 | Lair:2   | 8471 ||| INVOKING Heroism.
  8544 | Lair:2   | 8544 ||| INVOKING Heroism.
  8549 | Lair:2   | Reached skill level 3 in Throwing
  8552 | Lair:2   | Reached skill level 6 in Armour
  8687 | Lair:2   | Found a staircase to the Swamp.
  8693 | Lair:2   | 8693 ||| INVOKING Heroism.
  8801 | Lair:2   | Found a hazy altar of Hepliaklqana.
  8809 | Lair:2   | Reached ***** piety under Okawaru
  8816 | Lair:2   | 8816 ||| INVOKING Heroism.
  8939 | Lair:2   | 8939 ||| INVOKING Heroism.
  9054 | Lair:2   | 9054 ||| INVOKING Heroism.
  9066 | Lair:2   | Reached skill level 9 in Fighting
  9283 | Lair:2   | 9283 ||| READING 7 scrolls of identify.
  9283 | Lair:2   | 9283 ||| IDENTIFYING fuming puce potion
  9284 | Lair:2   | 9284 ||| DROPPING potion of berserk rage.
  9333 | Lair:3   | 9333 ||| INVOKING Heroism.
  9377 | Lair:3   | Found a hole to the Spider Nest.
  9395 | Lair:3   | 9395 ||| FLEEEEING.
  9396 | Lair:3   | 9396 ||| INVOKING Heroism.
  9405 | Lair:3   | Reached skill level 9 in Invocations
  9611 | Lair:3   | 9611 ||| INVOKING Heroism.
  9730 | Lair:3   | 9730 ||| INVOKING Heroism.
  9893 | Lair:3   | Noticed a five-headed hydra
  9895 | Lair:3   | 9895 ||| Stepping ~*~*~tactically~*~*~ (stealth).
  9897 | Lair:3   | 9897 ||| Stepping ~*~*~tactically~*~*~ (stealth).
  9898 | Lair:3   | 9898 ||| INVOKING Heroism.
  9899 | Lair:3   | 9899 ||| SWAPPING to +0 morningstar of protection.
  9900 | Lair:3   | 9900 ||| INVOKING Finesse.
  9911 | Lair:3   | Killed a five-headed hydra
  9911 | Lair:3   | Received a gift from Okawaru
  9912 | Lair:3   | 9912 ||| SWAPPING to +1 war axe.
  9935 | Lair:3   | Received a gift from Okawaru
 10033 | Lair:3   | Reached XP level 12. HP: 76/76 MP: 19/19
 10709 | Lair:3   | 10709 ||| DROPPING +6 ring of dexterity.
 10710 | Lair:3   | 10710 ||| DRINKING 3 orange potions.
 10710 | Lair:3   | Gained mutation: You have supernaturally acute eyesight.
                  | (SInv) [potion of mutation]
 10710 | Lair:3   | Gained mutation: Your flesh is heat resistant. (rF+)
                  | [potion of mutation]
 10729 | Lair:4   | 10729 ||| INVOKING Heroism.
 10735 | Lair:4   | 10735 ||| STAIRDANCE
 10772 | Lair:4   | 10772 ||| STAIRDANCE
 10783 | Lair:3   | 10783 ||| INVOKING Heroism.
 10896 | Lair:4   | 10896 ||| STAIRDANCE
 10916 | Lair:4   | Reached skill level 12 in Axes
 10928 | Lair:4   | Noticed a boulder beetle
 10929 | Lair:4   | 10929 ||| INVOKING Heroism.
 10930 | Lair:4   | 10930 ||| INVOKING Finesse.
 10944 | Lair:4   | Killed a boulder beetle
 10944 | Lair:4   | Received a gift from Okawaru
 10945 | Lair:4   | Reached skill level 6 in Shields
 11040 | Lair:4   | You fall into a shaft and drop 1 floor!
 11040 | Lair:5   | Entered Level 5 of the Lair of Beasts
 11108 | Lair:5   | 11108 ||| INVOKING Heroism.
 11208 | Lair:5   | 11208 ||| READING scroll of acquirement.
 11208 | Lair:5   | 11208 ||| ACQUIRING +1 cloak of the Shining Light {rElec}
 11208 | Lair:5   | Acquired the +1 cloak of the Shining Light {rElec}
 11210 | Lair:5   | 11210 ||| UPGRADING to +1 cloak of the Shining Light
                  | {rElec}.
 11443 | Lair:5   | Noticed a four-headed hydra
 11444 | Lair:5   | 11444 ||| INVOKING Heroism.
 11445 | Lair:5   | 11445 ||| INVOKING Finesse.
 11447 | Lair:5   | 11447 ||| SWAPPING to +0 morningstar of protection.
 11449 | Lair:5   | 11449 ||| STAIRDANCE
 11450 | Lair:4   | Noticed a death yak
 11450 | Lair:4   | Noticed a death yak
 11451 | Lair:4   | 11451 ||| SWAPPING to +1 war axe.
 11467 | Lair:4   | Killed a death yak
 11479 | Lair:4   | Killed a death yak
 11582 | Lair:4   | 11582 ||| INVOKING Heroism.
 11591 | Lair:4   | Received a gift from Okawaru
 11628 | Lair:4   | 11628 ||| Stepping ~*~*~tactically~*~*~ (stealth).
 11629 | Lair:4   | 11629 ||| Stepping ~*~*~tactically~*~*~ (stealth).
 11631 | Lair:4   | 11631 ||| Stepping ~*~*~tactically~*~*~ (stealth).
 11661 | Lair:4   | 11661 ||| Stepping ~*~*~tactically~*~*~ (stealth).
 11663 | Lair:4   | 11663 ||| Stepping ~*~*~tactically~*~*~ (stealth).
 11665 | Lair:4   | 11665 ||| INVOKING Heroism.
 11904 | Lair:4   | 11904 ||| Stepping ~*~*~tactically~*~*~ (stealth).
 11905 | Lair:4   | 11905 ||| INVOKING Heroism.
 11912 | Lair:4   | 11912 ||| Stepping ~*~*~tactically~*~*~ (stealth).
 11928 | Lair:4   | 11928 ||| INVOKING Heroism.
 11931 | Lair:4   | Received a gift from Okawaru
 12538 | Lair:4   | 12538 ||| DROPPING scarf of shadows.
 12539 | Lair:4   | 12539 ||| DROPPING +6 ring of intelligence.
 12540 | Lair:4   | 12540 ||| READING scroll labelled DEL FEOMUZAESO.
 12593 | Lair:5   | 12593 ||| INVOKING Heroism.
 12619 | Lair:5   | Reached skill level 13 in Axes
 12619 | Lair:5   | 12619 ||| INVOKING Heroism.
 12635 | Lair:5   | Reached XP level 13. HP: 45/82 MP: 18/20
 12749 | Lair:5   | 12749 ||| INVOKING Heroism.
 12766 | Lair:5   | Reached skill level 9 in Armour
 12814 | Lair:5   | 12814 ||| INVOKING Heroism.
 12815 | Lair:5   | 12815 ||| INVOKING Finesse.
 12817 | Lair:5   | 12817 ||| SWAPPING to +0 morningstar of protection.
 12825 | Lair:5   | 12825 ||| SWAPPING to +1 war axe.
 12895 | Lair:5   | 12895 ||| SWAPPING to +0 broad axe.
 12902 | Lair:5   | 12902 ||| DROPPING +1 war axe.
 13096 | Lair:5   | 13096 ||| INVOKING Heroism.
 13118 | Lair:5   | 13118 ||| Stepping ~*~*~tactically~*~*~ (stealth).
 13139 | Lair:5   | 13139 ||| Stepping ~*~*~tactically~*~*~ (hiding).
 13140 | Lair:5   | 13140 ||| Stepping ~*~*~tactically~*~*~ (stealth).
 13141 | Lair:5   | 13141 ||| Stepping ~*~*~tactically~*~*~ (stealth).
 13142 | Lair:5   | 13142 ||| Stepping ~*~*~tactically~*~*~ (stealth).
 13148 | Lair:5   | 13148 ||| INVOKING Heroism.
 13200 | Lair:5   | 13200 ||| Stepping ~*~*~tactically~*~*~ (stealth).
 13203 | Lair:5   | 13203 ||| INVOKING Heroism.
 13228 | Lair:5   | Reached skill level 14 in Axes
 13241 | Lair:5   | 13241 ||| INVOKING Heroism.
 13242 | Lair:5   | 13242 ||| Stepping ~*~*~tactically~*~*~ (stealth).
 13297 | Lair:5   | 13297 ||| Stepping ~*~*~tactically~*~*~ (stealth).
 13298 | Lair:5   | 13298 ||| Stepping ~*~*~tactically~*~*~ (stealth).
 13318 | Lair:5   | 13318 ||| Stepping ~*~*~tactically~*~*~ (stealth).
 13319 | Lair:5   | 13319 ||| Stepping ~*~*~tactically~*~*~ (stealth).
 13321 | Lair:5   | 13321 ||| INVOKING Heroism.
 13455 | Lair:5   | 13455 ||| Stepping ~*~*~tactically~*~*~ (stealth).
 13469 | Lair:5   | 13469 ||| Stepping ~*~*~tactically~*~*~ (stealth).
 13575 | Lair:5   | 13575 ||| Stepping ~*~*~tactically~*~*~ (hiding).
 13614 | Lair:5   | 13614 ||| INVOKING Heroism.
 13634 | Lair:5   | 13634 ||| Stepping ~*~*~tactically~*~*~ (stealth).
 13802 | Lair:5   | 13802 ||| INVOKING Heroism.
 13811 | Lair:5   | 13811 ||| Stepping ~*~*~tactically~*~*~ (stealth).
 13862 | Lair:5   | 13862 ||| Stepping ~*~*~tactically~*~*~ (stealth).
 13884 | Lair:5   | 13884 ||| INVOKING Heroism.
 14006 | Lair:5   | 14006 ||| READING scroll of acquirement.
 14006 | Lair:5   | 14006 ||| ACQUIRING 452 gold pieces
 14006 | Lair:5   | Acquired 452 gold pieces
 14016 | Lair:5   | Found a staircase to the Slime Pits.
 14016 | Lair:5   | Found a viscous altar of Jiyva.
 14017 | Lair:5   | 14017 ||| Stepping ~*~*~tactically~*~*~ (hiding).
 14061 | Lair:5   | 14061 ||| Stepping ~*~*~tactically~*~*~ (stealth).
 14063 | Lair:5   | 14063 ||| Stepping ~*~*~tactically~*~*~ (stealth).
 14065 | Lair:5   | 14065 ||| INVOKING Heroism.
 14087 | Lair:5   | 14087 ||| INVOKING Finesse.
 14088 | Lair:5   | 14088 ||| SWAPPING to +0 morningstar of protection.
 14090 | Lair:5   | 14090 ||| Stepping ~*~*~tactically~*~*~ (water).
 14104 | Lair:5   | Reached skill level 6 in Throwing
 14104 | Lair:5   | 14104 ||| SWAPPING to +0 broad axe.
 14106 | Lair:5   | 14106 ||| Stepping ~*~*~tactically~*~*~ (water).
 14124 | Lair:5   | 14124 ||| Stepping ~*~*~tactically~*~*~ (stealth).
 14125 | Lair:5   | 14125 ||| INVOKING Heroism.
 14153 | Lair:5   | 14153 ||| Stepping ~*~*~tactically~*~*~ (stealth).
 14156 | Lair:5   | 14156 ||| INVOKING Heroism.
 14302 | Lair:5   | 14302 ||| Stepping ~*~*~tactically~*~*~ (stealth).
 14303 | Lair:5   | 14303 ||| INVOKING Heroism.
 14313 | Lair:5   | 14313 ||| Stepping ~*~*~tactically~*~*~ (stealth).
 14339 | Lair:5   | 14339 ||| INVOKING Heroism.
 14399 | Lair:5   | Noticed a fire dragon
 14400 | Lair:5   | 14400 ||| INVOKING Heroism.
 14401 | Lair:5   | 14401 ||| INVOKING Finesse.
 14419 | Lair:5   | Killed a fire dragon
 14705 | Lair:5   | 14705 ||| PLANNING D:1-11
 14705 | Lair:5   | 14705 ||| UPGRADING to +0 helmet.
 14907 | D:9      | 14907 ||| INVOKING Heroism.
 15013 | D:9      | 15013 ||| Stepping ~*~*~tactically~*~*~ (stealth).
 15014 | D:9      | 15014 ||| Stepping ~*~*~tactically~*~*~ (stealth).
 15020 | D:9      | 15020 ||| Stepping ~*~*~tactically~*~*~ (hiding).
 15297 | D:9      | 15297 ||| Stepping ~*~*~tactically~*~*~ (stealth).
 15298 | D:9      | 15298 ||| Stepping ~*~*~tactically~*~*~ (stealth).
 15344 | D:9      | 15344 ||| READING scroll of acquirement.
 15344 | D:9      | 15344 ||| ACQUIRING 456 gold pieces
 15344 | D:9      | Acquired 456 gold pieces
 15384 | D:9      | Gained mutation: Your large and strong wings let you fly.
                  | [Gargoyle growth]
 15384 | D:9      | Reached XP level 14. HP: 88/90 MP: 21/21
 15640 | D:9      | 15640 ||| Stepping ~*~*~tactically~*~*~ (hiding).
 15648 | D:9      | Received a gift from Okawaru
 15666 | D:9      | 15666 ||| Stepping ~*~*~tactically~*~*~ (stealth).
 15676 | D:9      | 15676 ||| FLEEEEING.
 15677 | D:9      | 15677 ||| FLEEEEING.
 15678 | D:9      | 15678 ||| FLEEEEING.
 15679 | D:9      | 15679 ||| FLEEEEING.
 15680 | D:9      | 15680 ||| STAIRDANCE
 15714 | D:8      | 15714 ||| DROPPING ring of positive energy.
 15721 | D:9      | 15721 ||| Stepping ~*~*~tactically~*~*~ (stealth).
 15727 | D:9      | 15727 ||| Stepping ~*~*~tactically~*~*~ (stealth).
 15740 | D:9      | 15740 ||| Stepping ~*~*~tactically~*~*~ (stealth).
 15742 | D:9      | 15742 ||| INVOKING Heroism.
 15743 | D:9      | 15743 ||| Stepping ~*~*~tactically~*~*~ (stealth).
 15784 | D:9      | 15784 ||| Stepping ~*~*~tactically~*~*~ (stealth).
 15805 | D:9      | 15805 ||| INVOKING Heroism.
 15808 | D:9      | HP: 22/90 [centaur warrior/+2 glaive of flaming (8)]
 15809 | D:9      | 15809 ||| READING 11 scrolls of teleportation.
 15810 | D:9      | 15810 ||| DRINKING 4 potions of heal wounds.
 15987 | D:9      | 15987 ||| Stepping ~*~*~tactically~*~*~ (stealth).
 16001 | D:9      | 16001 ||| INVOKING Heroism.
 16174 | D:9      | 16174 ||| Stepping ~*~*~tactically~*~*~ (stealth).
 16179 | D:9      | 16179 ||| FLEEEEING.
 16180 | D:9      | 16180 ||| FLEEEEING.
 16181 | D:9      | 16181 ||| FLEEEEING.
 16187 | D:9      | 16187 ||| FLEEEEING.
 16188 | D:9      | 16188 ||| FLEEEEING.
 16189 | D:9      | 16189 ||| FLEEEEING.
 16190 | D:9      | 16190 ||| FLEEEEING.
 16191 | D:9      | 16191 ||| FLEEEEING.
 16196 | D:9      | 16196 ||| FLEEEEING.
 16197 | D:9      | 16197 ||| FLEEEEING.
 16198 | D:9      | 16198 ||| FLEEEEING.
 16199 | D:9      | 16199 ||| FLEEEEING.
 16200 | D:9      | 16200 ||| FLEEEEING.
 16201 | D:9      | 16201 ||| FLEEEEING.
 16208 | D:9      | 16208 ||| FLEEEEING.
 16209 | D:9      | 16209 ||| FLEEEEING.
 16210 | D:9      | 16210 ||| FLEEEEING.
 16211 | D:9      | 16211 ||| FLEEEEING.
 16212 | D:9      | 16212 ||| FLEEEEING.
 16213 | D:9      | 16213 ||| FLEEEEING.
 16214 | D:9      | 16214 ||| FLEEEEING.
 16218 | D:9      | 16218 ||| FLEEEEING.
 16219 | D:9      | 16219 ||| FLEEEEING.
 16238 | D:9      | 16238 ||| INVOKING Heroism.
 16440 | D:9      | Reached skill level 15 in Axes
 16481 | D:9      | 16481 ||| Stepping ~*~*~tactically~*~*~ (stealth).
 16482 | D:9      | 16482 ||| Stepping ~*~*~tactically~*~*~ (stealth).
 16483 | D:9      | 16483 ||| Stepping ~*~*~tactically~*~*~ (hiding).
 16532 | D:9      | 16532 ||| Stepping ~*~*~tactically~*~*~ (stealth).
 16536 | D:9      | 16536 ||| Stepping ~*~*~tactically~*~*~ (stealth).
 16640 | D:9      | 16640 ||| Stepping ~*~*~tactically~*~*~ (stealth).
 16699 | D:9      | 16699 ||| DROPPING +1 chain mail of willpower.
 16700 | D:9      | 16700 ||| READING 14 scrolls of identify.
 16700 | D:9      | 16700 ||| IDENTIFYING dark potion
 16767 | D:10     | Found an opulent altar of Gozag.
 16860 | D:10     | 16860 ||| Stepping ~*~*~tactically~*~*~ (hiding).
 16974 | D:10     | 16974 ||| Stepping ~*~*~tactically~*~*~ (hiding).
 16975 | D:10     | 16975 ||| Stepping ~*~*~tactically~*~*~ (hiding).
 16981 | D:10     | 16981 ||| INVOKING Heroism.
 17058 | D:10     | Found a hide-covered altar of Uskayaw.
 17061 | D:10     | Found a shadowy altar of Dithmenos.
 17061 | D:10     | Found a sparkling altar of Nemelex Xobeh.
 17068 | D:10     | Found a burning altar of Makhleb.
 17210 | D:10     | Found a large runed translucent door.
 17211 | D:10     | Found a large runed translucent door.
 17273 | D:10     | 17273 ||| DROPPING orb of wrath.
 17274 | D:10     | 17274 ||| DROPPING amulet of magic regeneration.
 17275 | D:10     | 17275 ||| DRINKING 2 blue potions.
 17289 | D:11     | 17289 ||| STAIRDANCE
 17315 | D:11     | 17315 ||| STAIRDANCE
 17341 | D:11     | 17341 ||| STAIRDANCE
 17384 | D:11     | 17384 ||| STAIRDANCE
 17460 | D:11     | 17460 ||| Stepping ~*~*~tactically~*~*~ (stealth).
 17461 | D:11     | 17461 ||| Stepping ~*~*~tactically~*~*~ (stealth).
 17658 | D:11     | 17658 ||| Stepping ~*~*~tactically~*~*~ (stealth).
 17662 | D:11     | 17662 ||| INVOKING Heroism.
 17669 | D:11     | Reached skill level 12 in Fighting
 17862 | D:11     | Received a gift from Okawaru
 17961 | D:11     | Noticed Urug
 17962 | D:11     | 17962 ||| INVOKING Heroism.
 17963 | D:11     | 17963 ||| INVOKING Finesse.
 17981 | D:11     | Killed Urug
 18021 | D:11     | 18021 ||| SWAPPING to +3 broad axe.
 18022 | D:11     | 18022 ||| DROPPING +0 broad axe.
 18220 | D:11     | Noticed Sonja
 18221 | D:11     | 18221 ||| INVOKING Finesse.
 18241 | D:11     | Killed Sonja
 18305 | D:11     | 18305 ||| PLANNING D
 18322 | D:12     | 18322 ||| Stepping ~*~*~tactically~*~*~ (stealth).
 18323 | D:12     | 18323 ||| Stepping ~*~*~tactically~*~*~ (stealth).
 18324 | D:12     | 18324 ||| INVOKING Heroism.
 18333 | D:12     | 18333 ||| Stepping ~*~*~tactically~*~*~ (stealth).
 18475 | D:12     | 18475 ||| INVOKING Heroism.
 18476 | D:12     | 18476 ||| INVOKING Finesse.
 18633 | D:12     | 18633 ||| Stepping ~*~*~tactically~*~*~ (stealth).
 18634 | D:12     | 18634 ||| Stepping ~*~*~tactically~*~*~ (stealth).
 18635 | D:12     | 18635 ||| Stepping ~*~*~tactically~*~*~ (stealth).
 18636 | D:12     | 18636 ||| Stepping ~*~*~tactically~*~*~ (stealth).
 18724 | D:12     | 18724 ||| Stepping ~*~*~tactically~*~*~ (hiding).
 18725 | D:12     | 18725 ||| Stepping ~*~*~tactically~*~*~ (hiding).
 18726 | D:12     | 18726 ||| Stepping ~*~*~tactically~*~*~ (hiding).
 18729 | D:12     | 18729 ||| Stepping ~*~*~tactically~*~*~ (hiding).
 19000 | D:13     | 19000 ||| INVOKING Heroism.
 19009 | D:13     | Reached skill level 16 in Axes
 19129 | D:13     | Found a gate to the Vaults.
 19181 | D:13     | 19181 ||| INVOKING Heroism.
 19254 | D:13     | 19254 ||| Stepping ~*~*~tactically~*~*~ (hiding).
 19256 | D:13     | 19256 ||| Stepping ~*~*~tactically~*~*~ (hiding).
 19302 | D:13     | 19302 ||| INVOKING Heroism.
 19304 | D:13     | 19304 ||| Stepping ~*~*~tactically~*~*~ (stealth).
 19308 | D:13     | 19308 ||| Stepping ~*~*~tactically~*~*~ (stealth).
 19321 | D:13     | 19321 ||| Stepping ~*~*~tactically~*~*~ (stealth).
 19323 | D:13     | 19323 ||| Stepping ~*~*~tactically~*~*~ (stealth).
 19324 | D:13     | 19324 ||| Stepping ~*~*~tactically~*~*~ (stealth).
 19681 | D:13     | 19681 ||| INVOKING Heroism.
 19682 | D:13     | 19682 ||| SWAPPING to +0 morningstar of protection.
 19683 | D:13     | 19683 ||| INVOKING Finesse.
 19692 | D:13     | 19692 ||| SWAPPING to +3 broad axe.
 19780 | D:13     | Received a gift from Okawaru
 19858 | D:13     | 19858 ||| DRINKING 2 potions of curing.
 19858 | D:13     | 19858 ||| (to cure confusion)
 19860 | D:13     | Reached XP level 15. HP: 96/96 MP: 22/22
 20024 | D:14     | Reached skill level 3 in Dodging
 20054 | D:14     | 20054 ||| Stepping ~*~*~tactically~*~*~ (stealth).
 20057 | D:14     | 20057 ||| Stepping ~*~*~tactically~*~*~ (stealth).
 20067 | D:14     | 20067 ||| Stepping ~*~*~tactically~*~*~ (stealth).
 20090 | D:14     | 20090 ||| INVOKING Heroism.
 20138 | D:14     | 20138 ||| Stepping ~*~*~tactically~*~*~ (hiding).
 20152 | D:14     | 20152 ||| INVOKING Heroism.
 20156 | D:14     | Received a gift from Okawaru
 20228 | D:14     | 20228 ||| Stepping ~*~*~tactically~*~*~ (stealth).
 20229 | D:14     | 20229 ||| INVOKING Heroism.
 20406 | D:14     | Found an ancient bone altar of Kikubaaqudgha.
 20423 | D:14     | 20423 ||| Stepping ~*~*~tactically~*~*~ (hiding).
 20426 | D:14     | 20426 ||| Stepping ~*~*~tactically~*~*~ (hiding).
 20427 | D:14     | 20427 ||| Stepping ~*~*~tactically~*~*~ (hiding).
 20493 | D:14     | 20493 ||| Stepping ~*~*~tactically~*~*~ (stealth).
 20495 | D:14     | 20495 ||| INVOKING Heroism.
 20770 | D:14     | 20770 ||| UPGRADING to +0 pair of boots.
 20783 | D:15     | Entered Level 15 of the Dungeon
 20939 | D:15     | 20939 ||| Stepping ~*~*~tactically~*~*~ (hiding).
 20941 | D:15     | 20941 ||| Stepping ~*~*~tactically~*~*~ (hiding).
 20985 | D:15     | 20985 ||| INVOKING Heroism.
 20999 | D:15     | Received a gift from Okawaru
 21105 | D:15     | 21105 ||| Stepping ~*~*~tactically~*~*~ (hiding).
 21109 | D:15     | 21109 ||| INVOKING Heroism.
 21126 | D:15     | 21126 ||| INVOKING Heroism.
 21171 | D:15     | Found a staircase to the Depths.
 21215 | D:15     | Found a broken altar of Ashenzari.
 21224 | D:15     | Reached skill level 12 in Armour
 21227 | D:15     | 21227 ||| INVOKING Heroism.
 21230 | D:15     | Identified the +2 pair of gloves of Jejiax {rN++ rCorr
                  | MP-9} (Okawaru gifted it to you on level 15 of the Dungeon)
 21230 | D:15     | Received a gift from Okawaru
 21447 | D:15     | 21447 ||| Stepping ~*~*~tactically~*~*~ (hiding).
 21448 | D:15     | 21448 ||| INVOKING Heroism.
 21469 | D:15     | Reached skill level 17 in Axes
 21796 | D:15     | 21796 ||| Stepping ~*~*~tactically~*~*~ (hiding).
 21848 | D:15     | 21848 ||| PLANNING ORC
 21848 | D:15     | 21848 ||| UPGRADING to +2 pair of gloves of Jejiax {rN++
                  | rCorr MP-9}.
 21853 | D:15     | 21853 ||| READING 18 scrolls of identify.
 21853 | D:15     | 21853 ||| IDENTIFYING bubbling blue potion
 21854 | D:15     | 21854 ||| DROPPING potion of invisibility.
 21949 | Orc:1    | Entered Level 1 of the Orcish Mines
 21954 | Orc:1    | 21954 ||| INVOKING Heroism.
 21998 | Orc:1    | 21998 ||| INVOKING Heroism.
 22305 | Orc:2    | Entered Level 2 of the Orcish Mines
 22305 | Orc:2    | Noticed Rupert
 22306 | Orc:2    | 22306 ||| STAIRDANCE
 22318 | Orc:2    | 22318 ||| STAIRDANCE
 22324 | Orc:2    | 22324 ||| STAIRDANCE
 22326 | Orc:1    | 22326 ||| INVOKING Heroism.
 22327 | Orc:1    | 22327 ||| INVOKING Finesse.
 22343 | Orc:1    | HP: 5/97 [Rupert/+3 vorpal great mace (34)]
 22344 | Orc:1    | 22344 ||| READING 12 scrolls of teleportation.
 22345 | Orc:1    | 22345 ||| DRINKING 4 potions of heal wounds.
 22346 | Orc:1    | 22346 ||| DRINKING 3 potions of heal wounds.
 22347 | Orc:1    | 22347 ||| DRINKING 2 potions of heal wounds.
 22408 | Orc:1    | 22408 ||| Stepping ~*~*~tactically~*~*~ (stealth).
 22411 | Orc:1    | 22411 ||| Stepping ~*~*~tactically~*~*~ (stealth).
 22412 | Orc:1    | 22412 ||| Stepping ~*~*~tactically~*~*~ (stealth).
 22420 | Orc:1    | 22420 ||| Stepping ~*~*~tactically~*~*~ (stealth).
 22521 | Orc:1    | 22521 ||| Stepping ~*~*~tactically~*~*~ (stealth).
 22522 | Orc:1    | 22522 ||| Stepping ~*~*~tactically~*~*~ (stealth).
 22527 | Orc:1    | 22527 ||| Stepping ~*~*~tactically~*~*~ (stealth).
 22529 | Orc:1    | 22529 ||| Stepping ~*~*~tactically~*~*~ (stealth).
 22530 | Orc:1    | 22530 ||| Stepping ~*~*~tactically~*~*~ (stealth).
 22534 | Orc:1    | 22534 ||| Stepping ~*~*~tactically~*~*~ (stealth).
 22536 | Orc:1    | 22536 ||| INVOKING Heroism.
 22537 | Orc:1    | 22537 ||| INVOKING Finesse.
 22548 | Orc:1    | Killed Rupert
 22563 | Orc:2    | 22563 ||| STAIRDANCE
 22752 | Orc:2    | 22752 ||| Stepping ~*~*~tactically~*~*~ (hiding).
 22758 | Orc:2    | 22758 ||| INVOKING Heroism.
 22761 | Orc:2    | 22761 ||| Stepping ~*~*~tactically~*~*~ (stealth).
 22767 | Orc:2    | 22767 ||| Stepping ~*~*~tactically~*~*~ (hiding).
 22937 | Orc:2    | Found Ywiqur's Book Shop.
 22962 | Orc:2    | 22962 ||| INVOKING Heroism.
 22980 | Orc:2    | 22980 ||| Stepping ~*~*~tactically~*~*~ (hiding).
 22981 | Orc:2    | 22981 ||| Stepping ~*~*~tactically~*~*~ (hiding).
 22983 | Orc:2    | 22983 ||| Stepping ~*~*~tactically~*~*~ (hiding).
 22984 | Orc:2    | 22984 ||| Stepping ~*~*~tactically~*~*~ (hiding).
 23011 | Orc:2    | Paralysed by an ogre mage for 5 turns
 23039 | Orc:2    | 23039 ||| INVOKING Heroism.
 23042 | Orc:2    | Reached XP level 16. HP: 57/104 MP: 11/23
 23042 | Orc:2    | Paralysed by an ogre mage for 3 turns
 23055 | Orc:2    | Paralysed by an ogre mage for 3 turns
 23056 | Orc:2    | HP: 24/104 [deep troll (8)]
 23058 | Orc:2    | HP: 11/104 [two-headed ogre/+0 giant club (6)]
 23059 | Orc:2    | 23059 ||| READING 11 scrolls of teleportation.
 23059 | Orc:2    | HP: 5/104 [two-headed ogre/+0 giant spiked club (6)]
 23060 | Orc:2    | 23060 ||| DRINKING potion of heal wounds.
 23391 | Orc:2    | Found Rizeka's General Store.
 23392 | Orc:2    | 23392 ||| INVOKING Heroism.
 23393 | Orc:2    | Paralysed by an ogre mage for 5 turns
 23403 | Orc:2    | Received a gift from Okawaru
 23409 | Orc:2    | Found Jaurukh's Distillery.
 23414 | Orc:2    | Found Dopyxt's Magic Scroll Emporium.
 23417 | Orc:2    | 23417 ||| BUYING +2 plate armour of fire resistance (480
                  | gold).
 23417 | Orc:2    | Bought a +2 plate armour of fire resistance for 480 gold
                  | pieces
 23417 | Orc:2    | 23417 ||| BUYING potion of attraction (36 gold).
 23417 | Orc:2    | Bought a potion of attraction for 36 gold pieces
 23417 | Orc:2    | 23417 ||| BUYING scroll of enchant armour (90 gold).
 23417 | Orc:2    | Bought a scroll of enchant armour for 90 gold pieces
 23417 | Orc:2    | 23417 ||| READING scroll of enchant armour.
 23417 | Orc:2    | 23417 ||| ENCHANTING +0 helmet.
 23423 | Orc:2    | 23423 ||| BUYING potion of curing (42 gold).
 23423 | Orc:2    | Bought a potion of curing for 42 gold pieces
 23423 | Orc:2    | 23423 ||| BUYING potion of lignification (42 gold).
 23423 | Orc:2    | Bought a potion of lignification for 42 gold pieces
 23423 | Orc:2    | 23423 ||| BUYING potion of resistance (140 gold).
 23423 | Orc:2    | Bought a potion of resistance for 140 gold pieces
 23425 | Orc:2    | Found Iruis's Magic Scroll Shop.
 23429 | Orc:2    | 23429 ||| BUYING scroll of enchant armour (90 gold).
 23429 | Orc:2    | Bought a scroll of enchant armour for 90 gold pieces
 23429 | Orc:2    | 23429 ||| READING scroll of enchant armour.
 23429 | Orc:2    | 23429 ||| ENCHANTING +1 helmet.
 23435 | Orc:2    | 23435 ||| BUYING scroll of enchant armour (127 gold).
 23435 | Orc:2    | Bought a scroll of enchant armour for 127 gold pieces
 23435 | Orc:2    | 23435 ||| BUYING scroll of teleportation (51 gold).
 23435 | Orc:2    | Bought a scroll of teleportation for 51 gold pieces
 23435 | Orc:2    | 23435 ||| READING scroll of enchant armour.
 23435 | Orc:2    | 23435 ||| ENCHANTING +0 pair of boots.
 23474 | Orc:2    | Found a staircase to the Elven Halls.
 23479 | Orc:2    | 23479 ||| Stepping ~*~*~tactically~*~*~ (stealth).
 23487 | Orc:2    | 23487 ||| Stepping ~*~*~tactically~*~*~ (stealth).
 23492 | Orc:2    | 23492 ||| Stepping ~*~*~tactically~*~*~ (stealth).
 23496 | Orc:2    | 23496 ||| Stepping ~*~*~tactically~*~*~ (stealth).
 23744 | Orc:2    | 23744 ||| UPGRADING to +2 plate armour of fire resistance.
 23754 | Orc:2    | 23754 ||| DROPPING +2 plate armour.
 23829 | Orc:1    | 23829 ||| PLANNING SWAMP:1-3
 23944 | Swamp:1  | Entered Level 1 of the Swamp
 23945 | Swamp:1  | 23945 ||| INVOKING Heroism.
 23977 | Swamp:1  | 23977 ||| INVOKING Heroism.
 24048 | Swamp:1  | 24048 ||| Stepping ~*~*~tactically~*~*~ (hiding).
 24063 | Swamp:1  | 24063 ||| INVOKING Heroism.
 24075 | Swamp:1  | Noticed Kirke
 24076 | Swamp:1  | 24076 ||| INVOKING Finesse.
 24091 | Swamp:1  | Killed Kirke
 24108 | Swamp:1  | 24108 ||| Stepping ~*~*~tactically~*~*~ (stealth).
 24109 | Swamp:1  | 24109 ||| Stepping ~*~*~tactically~*~*~ (stealth).
 24213 | Swamp:1  | 24213 ||| INVOKING Heroism.
 24214 | Swamp:1  | 24214 ||| INVOKING Finesse.
 24215 | Swamp:1  | 24215 ||| SWAPPING to +0 morningstar of protection.
 24222 | Swamp:1  | 24222 ||| SWAPPING to +3 broad axe.
 24377 | Swamp:1  | 24377 ||| INVOKING Heroism.
 24388 | Swamp:1  | Reached skill level 18 in Axes
 24405 | Swamp:1  | 24405 ||| Stepping ~*~*~tactically~*~*~ (hiding).
 24422 | Swamp:1  | 24422 ||| Stepping ~*~*~tactically~*~*~ (stealth).
 24429 | Swamp:1  | Identified the +7 hand axe of Such {pain, Will+ Dex+4}
                  | (Okawaru gifted it to you on level 1 of the Swamp)
 24429 | Swamp:1  | Received a gift from Okawaru
 24529 | Swamp:1  | 24529 ||| Stepping ~*~*~tactically~*~*~ (hiding).
 24632 | Swamp:1  | Reached skill level 9 in Shields
 25003 | Swamp:1  | 25003 ||| DROPPING amulet of regeneration.
 25021 | Swamp:2  | 25021 ||| INVOKING Heroism.
 25022 | Swamp:2  | 25022 ||| SWAPPING to +0 morningstar of protection.
 25023 | Swamp:2  | 25023 ||| INVOKING Finesse.
 25029 | Swamp:2  | 25029 ||| SWAPPING to +3 broad axe.
 25084 | Swamp:2  | 25084 ||| Stepping ~*~*~tactically~*~*~ (hiding).
 25095 | Swamp:2  | 25095 ||| INVOKING Heroism.
 25104 | Swamp:2  | 25104 ||| Stepping ~*~*~tactically~*~*~ (cloud).
 25203 | Swamp:2  | 25203 ||| INVOKING Heroism.
 25269 | Swamp:2  | Identified the +2 leather armour "Azalopow" {Rampage rN+}
 25315 | Swamp:2  | Found a transporter.
 25318 | Swamp:2  | 25318 ||| INVOKING Heroism.
 25318 | Swamp:2  | Noticed swinepaste's ghost (journeyman DsMo)
 25330 | Swamp:2  | Found a transporter.
 25371 | Swamp:2  | Found a bloodstained altar of Trog.
 25371 | Swamp:2  | Found the +6 lightning scales {swift, rElec}
 25376 | Swamp:2  | 25376 ||| INVOKING Heroism.
 25536 | Swamp:2  | 25536 ||| INVOKING Heroism.
 25607 | Swamp:2  | 25607 ||| Stepping ~*~*~tactically~*~*~ (hiding).
 25732 | Swamp:2  | 25732 ||| Stepping ~*~*~tactically~*~*~ (hiding).
 25735 | Swamp:2  | 25735 ||| INVOKING Heroism.
 26088 | Swamp:3  | 26088 ||| INVOKING Heroism.
 26308 | Swamp:3  | 26308 ||| Stepping ~*~*~tactically~*~*~ (hiding).
 26309 | Swamp:3  | 26309 ||| Stepping ~*~*~tactically~*~*~ (hiding).
 26473 | Swamp:3  | 26473 ||| Stepping ~*~*~tactically~*~*~ (hiding).
 26546 | Swamp:3  | 26546 ||| INVOKING Heroism.
 26560 | Swamp:3  | 26560 ||| INVOKING Finesse.
 26567 | Swamp:3  | Received a gift from Okawaru
 26568 | Swamp:3  | 26568 ||| SWAPPING to +0 morningstar of protection.
 26576 | Swamp:3  | HP: 20/106 [bunyip[a spriggan druid] (7)]
 26576 | Swamp:3  | HP: 8/106 [bunyip[a spriggan druid] (12)]
 26577 | Swamp:3  | 26577 ||| READING 12 scrolls of teleportation.
 26581 | Swamp:3  | HP: 3/106 [four-headed hydra[a spriggan druid] (6)]
 26584 | Swamp:3  | 26584 ||| SWAPPING to +3 broad axe.
 26775 | Swamp:3  | 26775 ||| INVOKING Heroism.
 26966 | Swamp:3  | Noticed a thorn hunter
 26967 | Swamp:3  | 26967 ||| Stepping ~*~*~tactically~*~*~ (hiding).
 26972 | Swamp:3  | 26972 ||| INVOKING Heroism.
 26973 | Swamp:3  | 26973 ||| INVOKING Finesse.
 26981 | Swamp:3  | Killed a thorn hunter
 27066 | Swamp:3  | 27066 ||| INVOKING Heroism.
 27067 | Swamp:3  | 27067 ||| INVOKING Finesse.
 27069 | Swamp:3  | 27069 ||| SWAPPING to +0 morningstar of protection.
 27096 | Swamp:3  | 27096 ||| SWAPPING to +3 broad axe.
 27225 | Swamp:3  | Identified the +5 broad axe "Firph" {venom, Int+7} (Okawaru
                  | gifted it to you on level 3 of the Swamp)
 27225 | Swamp:3  | Received a gift from Okawaru
 27230 | Swamp:3  | 27230 ||| INVOKING Heroism.
 27363 | Swamp:3  | 27363 ||| SWAPPING to +5 broad axe "Firph" {venom, Int+7}.
 27364 | Swamp:3  | 27364 ||| DROPPING +3 broad axe.
 27379 | Swamp:3  | Identified the ring of Risoemeisy {MP+9 AC+4}
 27564 | Swamp:3  | 27564 ||| PLANNING SPIDER:1-3
 27564 | Swamp:3  | 27564 ||| UPGRADING to +2 buckler.
 27574 | Swamp:3  | 27574 ||| DROPPING +0 buckler.
 27575 | Swamp:3  | 27575 ||| DROPPING ring of Risoemeisy {MP+9 AC+4}.
 27642 | Spider:1 | Entered Level 1 of the Spider Nest
 27643 | Spider:1 | 27643 ||| INVOKING Heroism.
 27661 | Spider:1 | 27661 ||| INVOKING Finesse.
 27682 | Spider:1 | Reached XP level 17. HP: 109/112 MP: 10/24
 27682 | Spider:1 | 27682 ||| Stepping ~*~*~tactically~*~*~ (hiding).
 27710 | Spider:1 | 27710 ||| Stepping ~*~*~tactically~*~*~ (hiding).
 27711 | Spider:1 | 27711 ||| Stepping ~*~*~tactically~*~*~ (hiding).
 27713 | Spider:1 | 27713 ||| Stepping ~*~*~tactically~*~*~ (hiding).
 27747 | Spider:1 | 27747 ||| Stepping ~*~*~tactically~*~*~ (stealth).
 27751 | Spider:1 | 27751 ||| Stepping ~*~*~tactically~*~*~ (stealth).
 27753 | Spider:1 | 27753 ||| Stepping ~*~*~tactically~*~*~ (stealth).
 27917 | Spider:1 | 27917 ||| INVOKING Finesse.
 27934 | Spider:1 | 27934 ||| INVOKING Heroism.
 27953 | Spider:1 | Reached skill level 15 in Fighting
 28054 | Spider:1 | 28054 ||| Stepping ~*~*~tactically~*~*~ (stealth).
 28116 | Spider:1 | Found a transporter.
 28146 | Spider:1 | Noticed qw's ghost (journeyman GrFi)
 28151 | Spider:1 | Found a transporter.
 28189 | Spider:1 | 28189 ||| Stepping ~*~*~tactically~*~*~ (stealth).
 28190 | Spider:1 | 28190 ||| Stepping ~*~*~tactically~*~*~ (stealth).
 28225 | Spider:1 | 28225 ||| INVOKING Heroism.
 28245 | Spider:1 | Received a gift from Okawaru
 28327 | Spider:1 | 28327 ||| INVOKING Heroism.
 28547 | Spider:2 | 28547 ||| INVOKING Heroism.
 28712 | Spider:2 | 28712 ||| INVOKING Heroism.
 28818 | Spider:2 | 28818 ||| Stepping ~*~*~tactically~*~*~ (stealth).
 28821 | Spider:2 | 28821 ||| Stepping ~*~*~tactically~*~*~ (stealth).
 28824 | Spider:2 | Reached skill level 15 in Armour
 28885 | Spider:2 | 28885 ||| Stepping ~*~*~tactically~*~*~ (hiding).
 29011 | Spider:2 | 29011 ||| INVOKING Heroism.
 29073 | Spider:2 | Noticed Arachne
 29074 | Spider:2 | 29074 ||| INVOKING Finesse.
 29106 | Spider:2 | Killed Arachne
 29210 | Spider:2 | 29210 ||| Stepping ~*~*~tactically~*~*~ (hiding).
 29259 | Spider:2 | 29259 ||| Stepping ~*~*~tactically~*~*~ (hiding).
 29369 | Spider:2 | 29369 ||| INVOKING Heroism.
 29711 | Spider:2 | 29711 ||| DROPPING ring of magical power.
 29745 | Spider:3 | 29745 ||| INVOKING Finesse.
 29749 | Spider:3 | 29749 ||| INVOKING Heroism.
 29766 | Spider:3 | Blown up by an orb spider

Levels and vault maps discovered:
D:1:      dpeg_arrival_ratfight, layout_rooms, minmay_misc_feat_chi,
          chequers_avenue
D:2:      layout_basic, hellmonk_ecumenical_altar_run_dry,
          minmay_misc_feat_enclosed
D:3:      layout_basic, zin_academy, gammafunk_ghost_arena, st_stairs_13,
          minmay_tree_intersection, uniq_grinder, uniq_crazy_yiuf_cottage
D:4:      layout_loops_ring, minmay_temple_entry_waves, minmay_bisected
D:5:      layout_loops_ring, serial_shops, shop, kennysheep_small_square
D:6:      layout_basic
D:7:      layout_loops_ring, chequers_serial_rivers_marsh, uniq_duvessa
D:8:      layout_basic, mainiacjoe_overflow_concentric_impassable,
          yredelemnul_altar_generic, lair_entry_dummy, kennysheep_windowed_goal,
          uniq_joseph
D:9:      minmay_the_grid_four_pointed_star_mashed
          [minmay_the_grid_triangle_9x9_corrupted_corridor,
          minmay_the_grid_triangle_9x9_semitri,
          minmay_the_grid_triangle_9x9_from_above,
          minmay_the_grid_triangle_9x9_skeleton,
          minmay_the_grid_prize_shrinking_boxes], layout_loops_ring
D:10:     layout_roguey, jmf_multi_god_temple2,
          nicolae_overflow_hallway_of_the_gods
D:11:     layout_basic, uniq_urug, uniq_sonja
D:12:     layout_cave_pools
D:13:     layout_rooms, erik_vaults_1
D:14:     layout_basic, nicolae_kikubaaqudgha_miasma_corner
D:15:     grunt_enter_depths_hoard, layout_irregular_city,
          evilmike_ruin_ashenzari
Temple:   hellmonk_temple_flake
Lair:1:   layout_chaotic_city
Lair:2:   layout_chaotic_city, swamp_mist_pool, basic_altar, lemuel_fruit_fields
Lair:3:   layout_chaotic_city, nicolae_spider_entry_tight_spaces,
          grunt_megastairs_4, serial_bayou_shore_a, infiniplex_staircase_pool
Lair:4:   layout_cave_pods, enter_volcano_3, lemuel_fruit_tree
Lair:5:   hangedman_lair_caniforms_friends, layout_cave_pods,
          guppyfry_lair_end_dragon, slime_entry_1, guppyfry_lair_drakes
Swamp:1:  layout_basic_swamp, nicolae_swamp_tree_isthmus, uniq_kirke
Swamp:2:  layout_falls_marsh, gammafunk_ghost_wrathful_warriors,
          hangedman_swamp_pad, swamp_pool2
Swamp:3:  layout_basic_swamp, nicolae_swamp_decorative_isthmus, swamp_pool1
Spider:1: layout_spider_delve, gammafunk_ghost_mausoleum, hellmonk_test_site
Spider:2: layout_spider_delve, uniq_arachne
Spider:3: layout_chambers, guppyfry_hornet_nest, uniq_jorgrun
Orc:1:    layout_caves
Orc:2:    st_orc_open, layout_diamond_mine, serial_shops,
          nicolae_shop_behind_doors, uniq_rupert

Skill      XL: |  1  2  3  4  5  6  7  8  9 10 11 12 13 14 15 16 17 |
---------------+----------------------------------------------------+-----
Axes           | 2 3 6 7 8 10 11 13 14 16 17 18 | 18.0
Fighting       | 4 5 6 7 8 9 10 11 12 13 14 15 | 15.0
Dodging        | 1 2 3 |  3.6
Throwing       | 2 4 6 7 8 |  8.0
Invocations    | 3 4 6 9 10 | 10.0
Shields        | 4 5 6 7 8 9 10 | 10.0
Armour         | 4 5 7 8 9 11 13 14 15 | 15.0

Action                   |  1- 3 |  4- 6 |  7- 9 | 10-12 | 13-15 | 16-18 || total
-------------------------+-------+-------+-------+-------+-------+-------++-------
Melee: War axe           |    93 |   129 |   258 |   548 |    21 |       ||  1049
       Morningstar       |       |       |       |    11 |    25 |    50 ||    86
       Broad axe         |       |       |       |       |  1288 |   705 ||  1993
Throw: Boomerang         |       |    16 |    54 |    49 |    60 |    42 ||   221
       Javelin           |       |       |       |    51 |   140 |    90 ||   281
Invok: Heroism           |       |       |    14 |    33 |    46 |    28 ||   121
       Finesse           |       |       |       |     3 |     9 |    10 ||    22
  Use: Scroll            |     4 |     7 |     9 |     8 |     6 |     5 ||    39
       Potion            |     1 |       |     1 |     4 |     6 |     1 ||    13
 Stab: Confused          |       |       |       |       |     4 |       ||     4
       Distracted        |       |       |       |       |       |     2 ||     2
Armor: Scale mail        |    51 |    19 |       |       |       |       ||    70
       Chain mail        |       |    56 |   121 |    40 |       |       ||   217
       Plate armour      |       |       |       |   175 |   660 |   386 ||  1221
Dodge: Dodged            |    50 |    45 |   156 |   229 |   563 |   207 ||  1250
Block: Buckler           |    20 |    25 |   131 |   250 |   673 |   283 ||  1382
       Reflection        |       |       |     4 |       |    15 |     1 ||    20

Table legend:
 A = Non-vault XP
 B = Vault XP
 C = Vault XP percentage of total XP
 D = Non-vault monster count
 E = Vault monster count
 F = Vault count percentage of total count
                 A         B        C        D         E       F
            +---------+---------+-------+---------+---------+-------
      Total |  158742 |   50708 |  24.2 |     627 |     170 |  21.3
            +---------+---------+-------+---------+---------+-------
        D:1 |      81 |       5 |   5.8 |      30 |       5 |  14.3
        D:2 |      35 |       0 |   0.0 |      13 |       0 |   0.0
        D:3 |      46 |     292 |  86.4 |      18 |       2 |  10.0
        D:4 |     172 |       5 |   2.8 |      14 |       2 |  12.5
        D:5 |     643 |     315 |  32.9 |      15 |       3 |  16.7
        D:6 |     774 |       0 |   0.0 |      18 |       0 |   0.0
        D:7 |    1631 |     211 |  11.5 |      26 |       2 |   7.1
        D:8 |    1020 |     550 |  35.0 |      21 |       2 |   8.7
        D:9 |    2727 |    6106 |  69.1 |      32 |      20 |  38.5
       D:10 |    1256 |       0 |   0.0 |       9 |       0 |   0.0
       D:11 |    5060 |    1576 |  23.7 |      20 |       2 |   9.1
       D:12 |    6404 |       0 |   0.0 |      24 |       0 |   0.0
       D:13 |    9141 |    1654 |  15.3 |      16 |       2 |  11.1
       D:14 |   11747 |       0 |   0.0 |      28 |       0 |   0.0
       D:15 |   14304 |    1703 |  10.6 |      22 |       2 |   8.3
     Lair:1 |    4352 |       0 |   0.0 |      22 |       0 |   0.0
     Lair:2 |    4770 |       0 |   0.0 |      23 |       0 |   0.0
     Lair:3 |    4500 |    1782 |  28.4 |      12 |       9 |  42.9
     Lair:4 |    6873 |     285 |   4.0 |      24 |       2 |   7.7
     Lair:5 |    9426 |   14931 |  61.3 |      28 |      75 |  72.8
    Swamp:1 |   14500 |    1585 |   9.9 |      26 |       2 |   7.1
    Swamp:2 |   11189 |       0 |   0.0 |      21 |       0 |   0.0
    Swamp:3 |   14868 |       0 |   0.0 |      26 |       0 |   0.0
   Spider:1 |   14303 |     846 |   5.6 |      41 |       1 |   2.4
   Spider:2 |   11635 |    2164 |  15.7 |      36 |       1 |   2.7
   Spider:3 |    2094 |       0 |   0.0 |       9 |       0 |   0.0
      Orc:1 |    3888 |    1879 |  32.6 |      34 |       1 |   2.9
      Orc:2 |    1303 |   14819 |  91.9 |      19 |      37 |  66.1
            +---------+---------+-------+---------+---------+-------
